Map: [ESL] Hecate

Players

Arrogfire

  • Race: Protoss Protoss
  • Spawn Location: 1:00

Elazer - Winner!

  • Race: Zerg Zerg
  • Spawn Location: 7:00

Event: ESL SC2 Masters 2023 Winter (Regional)

VOD

Have the link to the VOD?

Description

Time

  • Played on: Nov. 2, 2023, 11:35 a.m.
  • Length: 10:18

All games in this series

Show
View Real Time Build Order
Export as new Build Order

Arrogfire Protoss 

Build Orders: 1 Gate Expand, Mass Adepts, Zealot Archon, Archon Drop, Dark Templar Rush 

Get SALT Encoding   

  12  0:00  Probe  
  13  0:12  Probe  
  14  0:17  Pylon  
  14  0:24  Probe (Chrono Boost)  
  16  0:36  Probe (Chrono Boost)  
  16  0:37  Gateway  
  16  0:43  Probe (Chrono Boost)  
  16  0:46  Assimilator  
  17  0:51  Probe  
  18  1:03  Probe  
  19  1:15  Probe  
  20  1:23  Nexus  
  20  1:31  Cybernetics Core  
  20  1:35  Probe  
  21  1:40  Assimilator  
  21  1:47  Probe  
  21  1:49  Pylon  
  22  1:59  Probe  
  23  2:05  Adept (Chrono Boost)  
  23  2:07  Probe  
  23  2:08  Warp Gate  
  25  2:15  Probe  
  26  2:20  Twilight Council  
  27  2:29  Stalker  
  29  2:35  Probe x2 (Chrono Boost)  
  33  2:44  Probe (Chrono Boost)  
  33  2:46  Probe (Chrono Boost)  
  33  2:48  Robotics Facility  
  33  2:49  Probe (Chrono Boost)  
  33  2:55  Probe  
  35  3:01  Gateway, Probe  
  36  3:06  Resonating Glaives (Chrono Boost)  
  36  3:07  Probe  
  37  3:13  Probe  
  37  3:15  Adept  
  37  3:19  Probe  
  41  3:25  Probe  
  42  3:30  Gateway  
  42  3:32  Gateway, Probe  
  43  3:36  Pylon  
  43  3:43  Warp Prism (Chrono Boost), Probe  
  46  3:50  Assimilator  
  46  3:57  Dark Shrine  
  46  3:58  Adept  
  46  4:01  Adept  
  50  4:05  Probe  
  50  4:07  Pylon  
  50  4:08  Probe  
  52  4:17  Probe  
  53  4:23  Assimilator  
  54  4:29  Probe  
  54  4:31  Pylon  
  54  4:32  Adept x4  
  54  4:36  Pylon  
  62  4:52  Adept x3  
  64  4:53  Adept  
  64  4:55  Pylon  
  64  4:57  Probe  
  67  5:15  Dark Templar x4  
  67  5:19  Probe  
  66  5:22  Probe  
  66  5:23  Pylon  
  57  5:29  Archon  
  57  5:31  Probe  
  57  5:33  Immortal (Chrono Boost)  
  57  5:34  Probe  
  59  5:47  Dark Templar x2  
  65  5:51  Archon, Adept  
  65  5:53  Adept  
  67  6:00  Probe  
  67  6:02  Pylon  
  68  6:05  Observer (Chrono Boost)  
  68  6:09  Probe  
  68  6:10  Nexus  
  70  6:14  Probe  
  70  6:15  Forge  
  71  6:21  Adept, Probe  
  71  6:22  Adept  
  76  6:29  Immortal (Chrono Boost)  
  74  6:33  Sentry  
  74  6:38  Probe  
  72  6:44  Adept x3  
  72  6:45  Pylon  
  72  6:46  Probe  
  77  6:50  Probe  
  78  6:58  Nexus, Probe  
  78  7:01  Pylon  
  79  7:02  Probe  
  79  7:03  Immortal (Chrono Boost)  
  84  7:10  Probe  
  84  7:14  Dark Templar x2  
  89  7:16  Probe  
  89  7:20  Archon, Protoss Ground Weapons Level 1 (Chrono Boost)  
  89  7:22  Probe  
  91  7:28  Dark Templar, Probe  
  91  7:29  Dark Templar  
  94  7:34  Probe  
  94  7:35  Archon  
  93  7:37  Charge (Chrono Boost)  
  93  7:38  Shield Battery  
  93  7:40  Probe  
  94  7:45  Pylon  
  94  7:46  Probe  
  95  7:52  Gateway, Probe  
  95  7:53  Gateway  
  96  7:58  Probe  
  96  8:04  Probe  
  98  8:08  Gateway  
  98  8:09  Gateway  
  98  8:11  Zealot x2  
  102  8:20  Dark Templar x2  
  102  8:23  Assimilator  
  102  8:26  Assimilator, Archon  
  106  8:33  Pylon  
  106  8:35  Robotics Bay  
  106  8:40  Zealot  
  106  8:41  Zealot  
  110  8:44  Pylon  
  110  8:46  Pylon  
  110  8:49  Zealot x2  
  114  9:01  Dark Templar  
  114  9:02  Dark Templar x3  
  122  9:04  Pylon, Probe  
  122  9:06  Archon x2  
  122  9:07  Zealot x2  
  127  9:10  Zealot  
  114  9:24  Disruptor (Chrono Boost)  
  90  9:32  Dark Templar x2  
  90  9:33  Zealot x2  
  90  9:34  Zealot x3  
  96  9:39  Dark Templar, Archon  
  96  9:40  Probe  
  96  9:41  Probe  
  100  9:49  Pylon  
  100  9:54  Dark Templar  
  100  9:56  Nexus  
  106  10:00  Archon  
  80  10:10  Zealot x4  
Show
View Real Time Build Order
Export as new Build Order

Elazer Zerg - Winner!

Build Orders: Hatch First 

Get SALT Encoding   

  12  0:00  Drone  
  13  0:08  Drone  
  14  0:32  Hatchery  
  13  0:36  Drone  
  14  0:42  Extractor  
  14  0:43  Drone  
  14  0:49  Overlord  
  15  1:03  Spawning Pool  
  14  1:08  Drone  
  14  1:10  Drone  
  16  1:18  Drone  
  17  1:28  Drone  
  17  1:32  Drone  
  19  1:41  Drone  
  19  1:45  Drone  
  21  1:50  Queen x2  
  25  1:55  Zergling x2  
  25  1:57  Overlord  
  26  2:02  Drone  
  26  2:06  Drone  
  28  2:16  Drone  
  28  2:17  Drone  
  30  2:26  Queen  
  30  2:29  Hatchery  
  31  2:33  Extractor  
  31  2:36  Queen  
  30  2:39  Drone  
  30  2:43  Overlord  
  33  2:48  Drone x2  
  35  2:52  Drone  
  36  3:02  Zergling x2, Drone x3  
  40  3:10  Drone x2  
  40  3:11  Overlord  
  42  3:15  Queen  
  44  3:30  Drone x4  
  44  3:34  Metabolic Boost  
  48  3:36  Drone x4  
  52  3:43  Drone  
  52  3:44  Overlord  
  52  3:46  Drone x3  
  56  3:50  Queen  
  58  3:58  Overlord  
  58  4:04  Zergling x2  
  58  4:05  Zergling x8  
  58  4:06  Roach Warren  
  58  4:07  Zergling x2  
  63  4:11  Zergling x2  
  63  4:12  Zergling x4  
  66  4:17  Overlord  
  66  4:20  Zergling x4  
  68  4:26  Queen  
  68  4:27  Zergling x2  
  68  4:28  Zergling x6  
  74  4:32  Overlord  
  74  4:36  Zergling x2  
  74  4:37  Zergling x6  
  78  4:39  Spore Crawler  
  78  4:42  Zergling x2  
  78  4:43  Zergling x8  
  82  4:52  Roach x3  
  88  4:55  Roach  
  88  4:56  Overlord x2  
  90  5:04  Spore Crawler  
  89  5:13  Zergling x16  
  87  5:19  Zergling x6  
  78  5:37  Lair  
  78  5:38  Drone x8  
  86  5:44  Drone  
  87  5:50  Drone x2  
  87  5:53  Overlord  
  87  5:54  Extractor, Evolution Chamber  
  87  5:58  Extractor, Drone  
  87  5:59  Extractor x2  
  85  6:04  Drone  
  85  6:05  Drone  
  85  6:10  Drone x4  
  91  6:11  Drone x3  
  94  6:22  Overlord  
  94  6:24  Roach x5  
  101  6:32  Overlord  
  97  6:39  Overlord  
  93  6:41  Glial Reconstitution  
  93  6:43  Overlord  
  93  6:45  Drone x5  
  93  6:46  Extractor  
  96  6:52  Overlord  
  96  6:54  Zerg Missile Weapons Level 1  
  96  6:55  Drone x2  
  96  6:59  Drone x3  
  96  7:00  Roach  
  103  7:04  Roach x3  
  109  7:10  Overseer, Hatchery  
  109  7:11  Roach x2  
  112  7:18  Roach x5  
  112  7:19  Roach x2  
  112  7:20  Roach  
  128  7:24  Drone  
  128  7:30  Drone x2  
  128  7:34  Drone x4, Hatchery  
  131  7:42  Ravager  
  132  7:46  Baneling Nest  
  131  7:52  Zergling x16  
  131  7:58  Overlord  
  139  7:59  Drone x3  
  139  8:05  Overlord x4  
  136  8:20  Roach x2  
  136  8:21  Zergling x8, Roach  
  146  8:31  Zergling x6  
  146  8:32  Zergling x8  
  153  8:36  Centrifugal Hooks  
  153  8:44  Zergling x14  
  160  8:54  Drone x5  
  165  8:56  Ravager  
  165  8:57  Zergling x12  
  165  8:59  Baneling x4  
  165  9:00  Baneling x32  
  171  9:03  Ravager x2  
  171  9:04  Ravager  
  171  9:07  Roach x3  
  180  9:12  Roach x4  
  172  9:28  Zergling x28  
  170  9:37  Drone  
  171  9:39  Zergling x2  
  171  9:40  Zergling x12  
  171  9:45  Zergling x8  
  182  9:49  Zergling x2  
  182  9:51  Hatchery  
  182  9:54  Overlord x2  
Tags
 
Add a new tag
Caveats
  • Supply blocks, unpowered buildings, or Contaminate may cause inaccurate times.
  • Supply counts are checked every 10 seconds.